 Dungeon Crawl Stone Soup version 0.26-a0-652-gafc20e3620 (webtiles) character file.

Game seed: 13882728211837684992

25 DogServant the Grave Robber (level 3, -1/26 HPs)
             Began as a Human Necromancer on Oct 2, 2020.
             Slain by a gnoll (2 damage)
             ... on level 1 of the Dungeon.
             The game lasted 00:02:42 (1527 turns).

DogServant the Grave Robber (Human Necromancer)     Turns: 1527, Time: 00:02:42

Health: -1/26      AC:  3    Str:  9    XL:     3   Next: 17%
Magic:  1/6        EV: 11    Int: 15    God:
Gold:   82         SH:  3    Dex: 13    Spells: 1/6 levels left

rFire    . . .     SeeInvis .   j - +0 spear
rCold    . . .     Faith    .   l - +0 buckler (curse)
rNeg     . . .     Spirit   .   g - +0 leather armour
rPois    .         Reflect  .   (no helmet)
rElec    .         Harm     .   (no cloak)
rCorr    .         Rampage  .   (no gloves)
MR       .....                  (no boots)
Stlth    ++........             (no amulet)
HPRegen  0.08/turn              (no ring)
MPRegen  0.10/turn              (no ring)

@: no status effects
A: no striking features
a: no special abilities


You were on level 1 of the Dungeon.
You visited 1 branch of the dungeon, and saw 2 of its levels.

You collected 82 gold pieces.

Inventory:

Hand Weapons
 f - a +0 short sword
 j - a +0 spear (weapon)
Missiles
 e - 5 atropa-tipped darts (quivered)
 m - 15 poisoned darts
Armour
 a - a +0 robe
 g - a +0 leather armour (worn)
 l - a cursed +0 buckler (worn)
Scrolls
 b - a scroll of immolation {unknown}
 c - 3 scrolls of identify {unknown}
 d - a scroll of amnesia {unknown}
 h - 2 scrolls of teleportation {unknown}
 i - 3 scrolls of blinking {unknown}
 k - a scroll of magic mapping {unknown}
 n - a scroll of fog {unknown}
 o - a scroll of noise {unknown}


   Skills:
 + Level 1.6 Fighting
 + Level 0.1 Polearms
 - Level 2.0 Dodging
 - Level 2.0 Stealth
 + Level 0.1 Shields
 - Level 2.0 Spellcasting
 - Level 4.4 Necromancy


You had one spell level left.
You knew the following spells:

 Your Spells              Type           Power        Failure   Level
a - Pain                  Necr           ##..         9%          1
b - Animate Skeleton      Necr           ##....       9%          1
c - Vampiric Draining     Necr           ##........   24%         3

Your spell library contained the following spells:

 Spells                   Type           Power        Failure   Level
 Animate Dead             Necr           ##........   63%         4
 Agony                    Necr           ##......     92%         5


Dungeon Overview and Level Annotations

Branches:
Dungeon (2/15)

Altars:
Cheibriados


Message History

The gnoll hits you.
You hit the gnoll.
The gnoll is moderately wounded.
The gnoll hits you.
* * * LOW HITPOINT WARNING * * *
The gnoll hits you.
* * * LOW HITPOINT WARNING * * *
Casting: Pain (safe; 9% risk of failure)
Confirm with . or Enter, or press ? or * to list all spells.
Aiming: Pain (safe; 9% risk of failure)
Press: ? - help, Shift-Dir - straight line, f - gnoll
Aim: a gnoll (moderately wounded, chance to defeat MR: 79%)
The gnoll writhes in agony.
The gnoll barely misses you.
Casting: Pain (safe; 9% risk of failure)
Confirm with . or Enter, or press ? or * to list all spells.
Aiming: Pain (safe; 9% risk of failure)
Press: ? - help, Shift-Dir - straight line, f/p - gnoll
Aim: a gnoll (severely wounded, chance to defeat MR: 79%)
The gnoll writhes in agony.
The gnoll hits you.
You die...

#....................##......##
#....................##......#(
#........########....##......#.
#....................'.......#.
#....................##).....#.
#.....................+......+.
#####............##.#.#......##
#.........g..+.............
####.........@..#....###.##...
#..................###...##.##
#.............................
#....................#.#......
#.............##.....#.#......
#.............##.....#.#......
#.........########'#.#.#......
#.............................
#........#.............#......


You could see a gnoll.

Vanquished Creatures
  An ooze (D:1)
  2 dart slugs
  2 goblins (D:1)
  2 hobgoblins (D:1)
  4 kobolds (D:1)
  3 bats (D:1)
  3 rats (D:1)
17 creatures vanquished.

Notes
Turn   | Place    | Note
-------+----------+-------------------------------------------
     0 | D:1      | DogServant the Human Necromancer began the quest for the
                  | Orb.
     0 | D:1      | Reached XP level 1. HP: 13/13 MP: 3/3
   358 | D:1      | Reached skill level 1 in Fighting
   358 | D:1      | Reached XP level 2. HP: 15/21 MP: 5/5
   913 | D:1      | Reached XP level 3. HP: 24/26 MP: 3/6
  1264 | D:1      | Learned a level 1 spell: Animate Skeleton
  1268 | D:1      | Learned a level 3 spell: Vampiric Draining
  1370 | D:2      | Found a snail-covered altar of Cheibriados.
  1527 | D:1      | Slain by a gnoll

Illustrated notes

Levels and vault maps discovered:
D:1:      heliophobic_arrival_glass_houses, layout_basic
D:2:      layout_loops_ring, lemuel_coloured_pillars_altar, cheibriados_altar_1,
          lightli_temple_of_fire, lemuel_zombie_altar_yredelemnul, uniq_jessica

Skill      XL: |  1 |
---------------+----+-----
Fighting       | 1 |  1.6
Polearms       | |  0.1
Dodging        | |  2.0
Stealth        | |  2.0
Shields        | |  0.1
Spellcasting   | |  2.0
Necromancy     | |  4.4

Action                   || total
-------------------------++-------
Melee: Club              ||     5
       Short sword       ||     8
       Spear             ||     6
 Cast: Pain              ||    30
 Stab: Sleeping          ||     1
Armor: Robe              ||     6
       Leather armour    ||     3
Dodge: Dodged            ||    15

Table legend: (Time is in decaauts)
 A = Elapsed time spent in this place.
 B = Non-inter-level travel time spent in this place.
 C = Inter-level travel time spent in this place.
 D = Time resting spent in this place.
 E = Time spent auto-exploring this place.
 F = Levels seen in this place.
 G = Mean time per level.
                   A        B        C        D        E       F      G
               +--------+--------+--------+--------+--------+-----+--------+
         Total |   1528 |   1434 |     94 |    264 |    953 |   2 |  764.0 |
       Dungeon |   1528 |   1434 |     94 |    264 |    953 |   2 |  764.0 |
               +--------+--------+--------+--------+--------+-----+--------+

Top non-repeatable levels by time:
     D:1: 1372 daAuts
     D:2: 156 daAuts
